 Dungeon Crawl Stone Soup version 0.26-a0-597-gb535b0901c (webtiles) character file.

Game seed: 12609191888304751529

22 Lugonue the Insei (level 2, 1/14 HPs)
             Began as a Vine Stalker Transmuter on Sept 9, 2020.
             Quit the game on level 2 of the Dungeon.
             The game lasted 00:01:06 (1063 turns).

Lugonue the Insei (Vine Stalker Transmuter)         Turns: 1063, Time: 00:01:06

Health: 1/14       AC:  3    Str: 12    XL:     2   Next: 91%
Magic:  3/6        EV: 12    Int: 13    God:
Gold:   37         SH:  0    Dex: 14    Spells: 4/5 levels left

rFire    . . .     SeeInvis .     - Unarmed
rCold    . . .     Faith    .   (no shield)
rNeg     . . .     Spirit   +   a - +0 robe
rPois    .         Reflect  .   b - +0 helmet (curse)
rElec    .         Harm     .   (no cloak)
rCorr    .                      (no gloves)
MR       .....                  (no boots)
Stlth    +.........             e - amulet of inaccuracy (curse)
HPRegen  0.04/turn              (no ring)
MPRegen  0.10/turn              (no ring)

@: lethally poisoned (1 -> -6), stab
A: fangs 2, magic shield, antimagic bite, no potion heal 3, rot immunity
a: no special abilities


You were on level 2 of the Dungeon.
You visited 1 branch of the dungeon, and saw 2 of its levels.

You collected 37 gold pieces.

Inventory:

Armour
 a - a +0 robe (worn)
 b - a cursed +0 helmet (worn)
Jewellery
 e - a cursed amulet of inaccuracy (around neck)
Scrolls
 d - a scroll of identify {unknown}
 f - a scroll of fog {unknown}
 g - a scroll of remove curse {unknown}
 h - a scroll of teleportation
Potions
 i - a potion of mutation {unknown}


   Skills:
 + Level 1.0 Fighting
 + Level 1.8 Dodging
 + Level 3.4 Unarmed Combat
 + Level 2.3 Spellcasting
 + Level 2.3 Transmutations


You had 4 spell levels left.
You knew the following spells:

 Your Spells              Type           Power        Failure   Level
a - Beastly Appendage     Tmut           #.....       10%         1

Your spell library contained the following spells:

 Spells                   Type           Power        Failure   Level
 Wereblood                Tmut           #.......     14%         2
 Spider Form              Tmut/Pois      #.........   41%         3
 Ice Form                 Ice/Tmut       #.......     83%         4
 Blade Hands              Tmut           #.........   95%         5


Dungeon Overview and Level Annotations

Branches:
Dungeon (2/15)

Altars:

Annotations:
D:2 Terence


Innate Abilities, Weirdness & Mutations

You have extremely sharp teeth.
When hurt, damage is shared between your health and your magic reserves.
Your bite disrupts and absorbs the magic of your enemies.
Potions cannot restore your health.
You are immune to rotting.


Message History

Your horns disappear.
Your talons disappear.
Your cursed +0 helmet unmelds from your body.
Found a scroll labeled ZOUNIK VYASULO.
An adder comes into view.
You see here a scroll labeled ZOUNIK VYASULO.
The adder hisses angrily.
Found a ring mail.
The adder bites you.
* * * LOW HITPOINT WARNING * * *
You are lethally poisoned!
The adder poisons you!
It was a potion of stabbing.
You feel ready to backstab.
* * * LOW HITPOINT WARNING * * *
You feel sick. The adder barely misses you.
Saving game... please wait.
Level annotation: Terence Welcome back, Lugonue the Vine Stalker Transmuter.
Press ? for a list of commands and other information.
Are you sure you want to abandon this character and quit the game? (Confirm with "yes".)

.........#
#.#
##.......#
#.#
#.......#
#r#
#........#
#.##
#$..?....#
#..#
########?#
#@r.r....#
#S##.....#
#@#.###..#
#..# ...#
......##.##
#..#.#...#
#..... ..#
##[..#####
### #


You could see Terence, an adder and a quokka.

Vanquished Creatures
  A dart slug (D:1)
  2 leopard geckos
  A giant cockroach (D:1)
  A goblin (D:1)
  4 hobgoblins (D:1)
  5 kobolds (D:1)
  A frilled lizard (D:1)
  A rat (D:1)
16 creatures vanquished.

Vanquished Creatures (others)
  3 plants (D:1)
  5 toadstools (D:1)
8 creatures vanquished.

Grand Total: 24 creatures vanquished

Notes
Turn   | Place    | Note
-------+----------+-------------------------------------------
     0 | D:1      | Lugonue the Vine Stalker Transmuter began the quest for the
                  | Orb.
     0 | D:1      | Reached XP level 1. HP: 9/9 MP: 4/4
   421 | D:1      | Reached XP level 2. HP: 14/14 MP: 6/6
   426 | D:1      | Reached skill level 1 in Fighting
  1026 | D:2      | Noticed Terence
  1063 | D:2      | Quit the game

Illustrated notes

Levels and vault maps discovered:
D:1:      ldierk_walled_garden, layout_loops_cross, hex_large,
          chequers_arboretum
D:2:      layout_rooms, grunt_temple_overflow_opulence, lemuel_round_altar,
          minmay_misc_feat_square, uniq_terence

Skill      XL: |  1  2 |
---------------+-------+-----
Fighting       | 1 |  1.0
Dodging        | |  1.8
Unarmed Combat | |  3.4
Spellcasting   | |  2.3
Transmutations | |  2.3

Action                   || total
-------------------------++-------
Melee: Unarmed           ||    45
       Bite              ||     5
       Headbutt          ||     2
       Kick              ||     5
       Punch             ||     2
 Cast: Beastly Appendage ||     8
  Use: Scroll            ||     1
       Potion            ||     1
Armor: Robe              ||     4
Dodge: Dodged            ||    24

Table legend: (Time is in decaauts)
 A = Elapsed time spent in this place.
 B = Non-inter-level travel time spent in this place.
 C = Inter-level travel time spent in this place.
 D = Time resting spent in this place.
 E = Time spent auto-exploring this place.
 F = Levels seen in this place.
 G = Mean time per level.
                   A        B        C        D        E       F      G
               +--------+--------+--------+--------+--------+-----+--------+
         Total |   1061 |   1039 |     22 |      0 |    875 |   2 |  530.5 |
       Dungeon |   1061 |   1039 |     22 |      0 |    875 |   2 |  530.5 |
               +--------+--------+--------+--------+--------+-----+--------+

Top non-repeatable levels by time:
     D:1: 1025 daAuts
     D:2: 36 daAuts
